 Dungeon Crawl Stone Soup version 0.17.0-22-g5edae84 (console) character file.

362 jw the Chopper (level 6, -1/43 HPs)
             Began as an Octopode Berserker on Nov 12, 2015.
             Was a Priest of Trog.
             Slain by mrpyro's ghost (7 damage)
             ... on level 4 of the Dungeon.
             The game lasted 00:10:09 (4075 turns).

jw the Chopper (Octopode Berserker)                 Turns: 4075, Time: 00:10:09

Health: -1/43      AC:  1    Str: 16    XL:     6   Next: 66%
Magic:  6/6        EV: 13    Int: 10    God:    Trog [***...]
Gold:   148        SH:  0    Dex: 13    Spells: 0 memorised, 5 levels left

rFire  . . .     SeeInvis .     b - +0 war axe
rCold  . . .     Clarity  .     (no shield)
rNeg   . . .     SustAt   .     (helmet restricted)
rPois  .         Gourm    .     (no amulet)
rElec  .         Spirit   .     (no ring)
rCorr  .         Warding  .     (no ring)
rMut   .         Stasis   .     (no ring)
MR     ++...                    (no ring)
Stlth  ++........               (no ring)
                                (no ring)
                                (no ring)
                                (no ring)

@: regenerating, very resistant to hostile enchantments, unstealthy
A: almost no armour, amphibious, 8 rings, constrict 8, camouflage 1, gelatinous
body 1
a: Berserk, Trog's Hand, Burn Spellbooks, Renounce Religion


You were on level 4 of the Dungeon.
You worshipped Trog.
Trog was most pleased with you.
You were very hungry.

You visited 1 branch of the dungeon, and saw 4 of its levels.

You collected 148 gold pieces.

Inventory:

Hand Weapons
 b - a +0 war axe (weapon)
Missiles
 c - 125 stones (quivered)
 d - 34 poisoned needles
Comestibles
 g - a bread ration


   Skills:
 + Level 4.2 Fighting
 * Level 5.5 Axes
 + Level 3.2 Throwing
 - Level 3.0 Dodging


You had 5 spell levels left.
You didn't know any spells.

Dungeon Overview and Level Annotations

Branches:
Dungeon (4/15)
 Temple: D:4-7

Altars:
Ashenzari
Nemelex Xobeh
Qazlal
Sif Muna
Yredelemnul

Annotations:
D:4 mrpyro's ghost, novice OpTm


Innate Abilities, Weirdness & Mutations

You cannot wear most types of armour.
You are amphibious.
You can wear up to eight rings at the same time.
You can use your tentacles to constrict eight enemies at once.
Your skin changes colour to match your surroundings (Stealth).
Your rubbery body absorbs attacks (AC +1).


Message History

You hit mrpyro's ghost.
Mrpyro's ghost is lightly damaged.
Mrpyro's ghost hits you! x2
Unknown command.
Unknown command.
Unknown command.
Unknown command.
ATTACKING (0,1)
You slash mrpyro's ghost!
Mrpyro's ghost is moderately damaged.
Mrpyro's ghost hits you!
Unknown command.
Unknown command.
Unknown command.
Unknown command.
ATTACKING (0,1)
You barely miss mrpyro's ghost.
Mrpyro's ghost is moderately damaged.
Mrpyro's ghost hits you!
You die...

### ##### ### #.#
#.#.#####.## #.#
#.#........#
#.######.#.#####.##
............# #.#
#.########..# #x#
..# #..# #W# #.#
#..# #5# #.# #...
... #.# #.... ..#
#.# .....#... #.#.
....##.# .... .(.
#.#


You could see a quasit and mrpyro's ghost.

Table legend:
 A = Turns spent in this place as a percentage of turns spent in the entire game.
 B = Non-inter-level travel turns spent in this place as a percentage of non-inter-level travel turns spent in the entire game.
 C = Inter-level travel turns spent in this place as a percentage of turns spent in this place.
 D = Turns resting spent in this place as a percentage of non-inter-level travel turns spent in this place.
 E = Turns spent auto-exploring this place as a percentage of non-inter-level travel turns spent in this place.
 F = Non-inter-level travel turns spent in this place divided by the number of levels of this place that you've seen.
                   A       B       C       D       E      F
               +-------+-------+-------+-------+-------+----------------------
         Total | 100.0 | 100.0 |   0.9 |   1.3 |   3.1 | 1271.2
       Dungeon | 100.0 | 100.0 |   0.9 |   1.3 |   3.1 | 1271.2
               +-------+-------+-------+-------+-------+----------------------

Table legend:
 A = Kills in this place as a percentage of kills in entire the game.
 B = Kills by you in this place as a percentage of kills by you in the entire game.
 C = Kills by friends in this place as a percentage of kills by friends in the entire game.
 D = Other kills in this place as a percentage of other kills in the entire game.
 E = Experience gained in this place as a percentage of experience gained in the entire game.
 F = Experience gained in this place divided by the number of levels of this place that you have seen.
                   A       B       C       D       E      F
               +-------+-------+-------+-------+-------+----------------------
         Total | 100.0 | 100.0 |  -nan |  -nan | 100.0 | 129.5
       Dungeon | 100.0 | 100.0 |  -nan |  -nan | 100.0 | 129.5
               +-------+-------+-------+-------+-------+----------------------

Vanquished Creatures
  The ghost of jw the Chopper, an amateur OpBe of Trog (D:3)
  An orc priest (D:4)
  Jessica (D:3)
  Natasha (thrice) (D:2)
  3 gnolls (D:3)
  3 adders (D:2)
  An ooze (D:1)
  A worm (D:3)
  4 giant geckos
  11 orcs
  3 giant cockroaches
  6 goblins
  9 hobgoblins
  3 quokkas
  15 bats
  4 giant newts
  2 jackals (D:2)
  5 kobolds
  10 rats
86 creatures vanquished.

Notes
Turn   | Place    | Note
--------------------------------------------------------------
     0 | D:1      | jw the Octopode Berserker began the quest for the Orb.
     0 | D:1      | Reached XP level 1. HP: 16/16 MP: 1/1
   206 | D:1      | Reached XP level 2. HP: 13/21 MP: 2/2
   894 | D:1      | Reached skill level 1 in Throwing
   925 | D:1      | Reached ** piety under Trog
   925 | D:1      | Reached XP level 3. HP: 19/26 MP: 3/3
  1535 | D:2      | Noticed Natasha
  1543 | D:2      | Killed Natasha
  1543 | D:2      | Reached skill level 4 in Axes
  1543 | D:2      | Reached XP level 4. HP: 25/31 MP: 4/4
  1800 | D:2      | Noticed Natasha
  1810 | D:2      | Killed Natasha
  2078 | D:2      | Found a stormy altar of Qazlal.
  2334 | D:2      | Noticed Natasha
  2344 | D:2      | Killed Natasha
  2655 | D:2      | Reached XP level 5. HP: 36/36 MP: 5/5
  2861 | D:3      | Noticed Jessica
  2866 | D:3      | Killed Jessica
  2892 | D:3      | Found a basalt altar of Yredelemnul.
  2893 | D:3      | Found a sparkling altar of Nemelex Xobeh.
  2893 | D:3      | Found a deep blue altar of Sif Muna.
  2893 | D:3      | Found a shattered altar of Ashenzari.
  3226 | D:3      | Reached *** piety under Trog
  3547 | D:3      | Noticed jw's ghost (amateur OpBe)
  3561 | D:3      | Killed jw's ghost
  3561 | D:3      | Reached skill level 5 in Axes
  3561 | D:3      | Reached XP level 6. HP: 15/43 MP: 6/6
  4066 | D:4      | Noticed mrpyro's ghost (novice OpTm)
  4075 | D:4      | Slain by mrpyro's ghost

Action                   |  1- 3 |  4- 6 || total
-------------------------+-------+-------++-------
Melee: Hand axe          |    55 |    54 ||   109
       War axe           |       |    25 ||    25
Throw: Stone             |    67 |    61 ||   128
       Tomahawk          |       |    58 ||    58
Invok: Berserk           |       |     2 ||     2
       Trog's Hand       |       |     2 ||     2
 Stab: Sleeping          |       |     3 ||     3
  Eat: Chunk             |     2 |     9 ||    11

Vault maps used:
D:1:      arrival_zaba_pyramid, serial_park_tiny_1
D:2:      lemuel_crystal_altar, serial_park_tiny_1, uniq_natasha
D:3:      grunt_temple_overflow_open, uniq_jessica
D:4:      kennysheep_mini_moat, st_stairs_7, led_sif_pool
